 Dungeon Crawl Stone Soup version 0.20.1-1-g8b1a95d (webtiles) character file.

205 letownia2 the Grave Robber (level 5, 21/42 HPs)
             Began as a Deep Dwarf Necromancer on Nov 4, 2017.
             Quit the game in the Ecumenical Temple.
             The game lasted 00:05:06 (1466 turns).

letownia2 the Grave Robber (Deep Dwarf Necromancer) Turns: 1466, Time: 00:05:07

Health: 21/42      AC:  5    Str: 11    XL:     5   Next: 52%
Magic:  2/8        EV: 12    Int: 17    God:
Gold:   36         SH:  0    Dex: 13    Spells: 5/9 levels left

rFire    . . .     SeeInvis .   a - +2 mace (protect)
rCold    . . .     Gourm    .   (no shield)
rNeg     . . .     Faith    .   l - +0 leather armour
rPois    .         Spirit   .   h - +0 helmet
rElec    .         Reflect  .   (no cloak)
rCorr    .         Harm     .   f - +0 pair of gloves
MR       .....                  (no boots)
Stlth    ++........             (no amulet)
Regen    0.0/turn               (no ring)
MPRegen  0.2/turn               (no ring)

@: non-regenerating
A: damage resistance, heal wounds, sense surroundings 1, no regeneration
a: Heal Wounds


You were in the Ecumenical Temple.
You were not hungry.

You visited 2 branches of the dungeon, and saw 5 of its levels.

You collected 36 gold pieces.

Inventory:

Hand Weapons
 a - a +2 mace of protection (weapon)
 d - a +0 short sword
 n - a +0 quarterstaff
Missiles
 k - 5 tomahawks (quivered)
Armour
 e - a +0 scale mail
 f - a +0 pair of gloves (worn)
 h - a +0 helmet (worn)
 l - a +0 leather armour (worn)
Potions
 g - a potion of curing {unknown}
 q - a potion of brilliance
Books
 b - a book of Necromancy

   Spells                             Type                      Level
   a - Pain                           Necromancy                   1
   b - Animate Skeleton               Necromancy                   1
   c - Vampiric Draining              Necromancy                   3
   d - Regeneration                   Charms/Necromancy            3
   e - Animate Dead                   Necromancy                   4
   f - Control Undead                 Necromancy                   4
Comestibles
 c - a bread ration
 i - 5 fruits
 j - a royal jelly
 o - 2 chunks of flesh


   Skills:
 + Level 1.9 Armour
 - Level 2.1 Dodging
 - Level 2.4 Stealth
 + Level 2.6 Spellcasting
 + Level 6.6 Necromancy


You had 5 spell levels left.
You knew the following spells:

 Your Spells              Type           Power        Failure   Level  Hunger
a - Pain                  Necr           ###.         1%          1    #......
v - Vampiric Draining     Necr           ###.......   4%          3    ###....


Dungeon Overview and Level Annotations

Branches:
Dungeon (4/15)             Temple (1/1) D:4

Altars:
Ashenzari
Cheibriados
Dithmenos
Elyvilon
Fedhas
Kikubaaqudgha
Nemelex Xobeh
Qazlal
Ru
Sif Muna
Trog
Xom
Yredelemnul


Innate Abilities, Weirdness & Mutations

You are resistant to damage.
You can heal yourself by infusing magical energy.
You passively map a small area around you.
You do not regenerate.


Message History

You butcher the worker ant corpse.
o - 3 chunks of flesh (gained 2)
Things that are here:
a flail; a chain mail There isn't anything to butcher here.
Eat one of 3 chunks of flesh? (ye/n/q)
You eat one of the 3 chunks of flesh.
This raw flesh tastes terrible.
You aren't carrying any pieces of jewellery.
Unknown command.
Okay, then.
Wield which item (- for none, * to show all)? (? for menu, Esc to quit)
Okay, then.
Wear which item? (? for menu, Esc to quit)
Okay, then.
As you read the scroll labeled KETIUL UBEZIORGH, it crumbles to dust.
You feel aware of your surroundings.
It was a scroll of magic mapping.
As you read the scroll labeled SEISEBL BYIPOS, it crumbles to dust.
It is a scroll of identify.
q - a potion of brilliance Are you sure you want to abandon this character and quit the game? (Confirm with "yes".)

##### ##### ####≈≈≈###
###≈≈≈####
###≈≈≈≈≈≈≈≈####≈≈≈≈≈≈≈≈###
##...........##≈≈.........##
#...._.......).@......<....#
##............##............##
#............####............#
#.........#### ####.[.......#
#.......##### #####.......##
.......##...## ##...##.......#
.......#.....#
#.....#.......#*
.......'.._..#
#.._..'........#
.......#.....#
#.....#.......##


There were no monsters in sight!

Vanquished Creatures
  A bullfrog (D:4)
  An orc wizard (D:3)
  An orc priest (D:4)
  A worker ant (Temple)
  A hound skeleton (D:4)
  An ooze (D:3)
  A dart slug (D:3)
  13 orcs
  3 giant cockroaches
  A goblin (D:3)
  2 hobgoblins (D:3)
  A quokka (D:2)
  3 frilled lizards
  A kobold (D:2)
  3 rats
34 creatures vanquished.

Notes
Turn   | Place    | Note
-------+----------+-------------------------------------------
     0 | D:1      | letownia2 the Deep Dwarf Necromancer began the quest for the Orb.
     0 | D:1      | Reached XP level 1. HP: 15/15 MP: 3/3
   285 | D:3      | Reached XP level 2. HP: 22/22 MP: 3/5
   490 | D:3      | Reached skill level 5 in Necromancy
   490 | D:3      | Reached XP level 3. HP: 15/28 MP: 0/6
   511 | D:3      | Learned a level 3 spell: Vampiric Draining
   858 | D:4      | Reached skill level 6 in Necromancy
   858 | D:4      | Reached XP level 4. HP: 26/36 MP: 3/7
  1017 | D:4      | Found a shadowy altar of Dithmenos.
  1129 | D:4      | Found a white marble altar of Elyvilon.
  1174 | D:4      | Noticed a bullfrog
  1181 | D:4      | Killed a bullfrog
  1181 | D:4      | Reached skill level 1 in Armour
  1181 | D:4      | Reached XP level 5. HP: 24/42 MP: 1/8
  1332 | D:4      | Found a staircase to the Ecumenical Temple.
  1342 | Temple   | Entered the Ecumenical Temple
  1466 | Temple   | Quit the game

Skill      XL: |  1  2  3  4 |
---------------+-------------+-----
Spellcasting   | 2 |  2.6
Necromancy     | 5 6 |  6.6
Armour         | 1 |  1.9
Dodging        | |  2.1
Stealth        | |  2.4

Action                   |  1- 3 |  4- 6 || total
-------------------------+-------+-------++-------
Melee: Quarterstaff      |    19 |       ||    19
       Short sword       |     1 |       ||     1
       Mace              |       |     9 ||     9
Throw: Tomahawk          |       |     5 ||     5
 Cast: Pain              |    27 |     7 ||    34
       Vampiric Draining |     6 |     9 ||    15
  Use: Scroll            |       |     2 ||     2
 Stab: Sleeping          |     3 |       ||     3
  Eat: Chunk             |     1 |     3 ||     4
Armor: Robe              |     6 |       ||     6
       Leather armour    |     2 |    15 ||    17
Dodge: Dodged            |    29 |    30 ||    59
